Map: Oceanborn LE

Players

starscream

  • Race: Terran Terran
  • League: Master
  • Spawn Location: 5:00

bug - Winner!

  • Race: Protoss Protoss
  • League: Diamond
  • Spawn Location: 11:00

VOD

Have the link to the VOD?

Description

Time

  • Played on: Nov. 4, 2023, 3:56 p.m.
  • Length: 26:34
Show
View Real Time Build Order
Export as new Build Order

starscream Terran 

Build Orders:  

Get SALT Encoding   

  12  0:01  SCV  
  13  0:13  SCV  
  14  0:17  Supply Depot  
  14  0:24  Refinery  
  14  0:40  Barracks  
  14  0:53  Barracks  
  14  1:06  Supply Depot  
  14  1:26  Reaper  
  14  1:30  Orbital Command  
  15  1:42  Supply Depot  
  15  1:47  Barracks Tech Lab  
  15  1:58  Marine  
  16  2:05  Marauder  
  18  2:09  Concussive Shells  
  18  2:12  SCV  
  19  2:16  Marine  
  20  2:31  Marauder  
  20  2:34  SCV  
  23  2:46  Marine  
  23  2:47  SCV  
  25  2:53  Stimpack, Marauder  
  27  3:00  Refinery  
  27  3:08  SCV  
  27  3:12  Bunker  
  28  3:19  Marauder  
  30  3:20  SCV  
  28  3:40  Marauder  
  25  3:49  SCV  
  24  4:01  Marauder  
  26  4:04  Command Center  
  26  4:09  SCV  
  24  4:11  Marine  
  25  4:20  Factory  
  25  4:23  Marauder, SCV  
  28  4:32  Combat Shield, Marine  
  29  4:39  Bunker  
  29  4:41  Barracks  
  29  4:49  Marauder  
  29  4:51  SCV  
  32  4:54  Barracks Reactor  
  32  5:03  Factory Tech Lab, SCV  
  33  5:16  Orbital Command  
  33  5:18  Starport  
  33  5:42  Marine x2  
  35  5:43  Siege Tank  
  36  5:56  Marine  
  31  6:01  Orbital Command, SCV  
  31  6:02  Barracks  
  31  6:03  Engineering Bay  
  32  6:07  Marine x2  
  34  6:13  Medivac  
  36  6:27  SCV x2  
  34  6:34  Marine x2  
  34  6:38  Marine  
  34  6:39  SCV x2  
  32  6:51  Marine  
  32  6:52  Marine  
  32  7:04  SCV  
  33  7:09  Marine  
  33  7:11  Siege Tank  
  37  7:16  SCV  
  37  7:20  Marine x3  
  37  7:22  SCV  
  41  7:32  Marine  
  41  7:34  Medivac  
  44  7:38  Missile Turret, Marine  
  44  7:39  Marine x2  
  45  7:50  Marine  
  46  7:56  Siege Tank  
  46  7:57  SCV  
  50  8:01  SCV  
  50  8:02  Missile Turret  
  50  8:04  Marine  
  50  8:05  Refinery  
  52  8:08  Supply Depot  
  52  8:09  SCV  
  52  8:11  Supply Depot  
  53  8:14  Terran Infantry Weapons Level 1  
  53  8:25  Marine  
  54  8:29  Marine x3  
  54  8:30  Medivac  
  54  8:33  SCV x2  
  61  8:38  Missile Turret  
  61  8:43  Marine  
  61  8:45  SCV  
  61  8:47  Marine  
  64  8:53  Marine x2  
  60  9:01  Siege Tank, Marine  
  64  9:04  Missile Turret, SCV  
  64  9:05  Marine  
  64  9:09  SCV  
  67  9:11  Marine  
  67  9:13  Marine, Refinery  
  67  9:14  Marine  
  70  9:23  Supply Depot x2  
  70  9:32  Starport Reactor  
  70  9:34  Barracks  
  70  9:44  SCV x2, Marine x4  
  76  9:47  Supply Depot x2  
  76  9:50  Supply Depot  
  76  9:53  Barracks  
  76  9:59  Marine  
  77  10:00  SCV x2  
  77  10:02  Marine x2  
  81  10:08  Terran Infantry Armor Level 1, Marine  
  81  10:10  Medivac x2  
  81  10:12  SCV  
  81  10:13  Marine, SCV  
  89  10:20  Marine  
  90  10:21  Marine  
  90  10:23  Barracks Tech Lab  
  76  10:47  Medivac  
  76  10:48  Marine, Medivac  
  79  10:52  Marine  
  79  10:53  SCV, Marauder  
  83  10:59  Sensor Tower  
  83  11:00  Command Center  
  83  11:03  Marine  
  84  11:07  Marine  
  85  11:14  Marauder  
  85  11:17  Marine  
  88  11:20  Missile Turret x2  
  87  11:27  Marine  
  88  11:34  Marine  
  88  11:35  Marauder  
  88  11:37  Medivac  
  76  11:54  Marine  
  76  11:57  Marauder  
  76  12:00  Marine  
  78  12:02  SCV  
  78  12:06  Marine  
  78  12:07  Marine  
  78  12:08  Marine  
  82  12:12  Marine  
  83  12:18  Orbital Command, Marauder  
  83  12:22  Marine  
  86  12:36  Marine  
  81  12:40  Marauder  
  81  12:44  Marine  
  73  12:45  Medivac  
  73  12:46  Medivac  
  77  12:52  Marine  
  77  12:57  Marine, Starport  
  79  12:58  Starport  
  79  12:59  Barracks, Marine x2  
  79  13:01  Marauder, SCV  
  79  13:02  Marine  
  85  13:11  SCV x2  
  84  13:13  SCV  
  84  13:15  Viking  
  84  13:16  Viking  
  84  13:17  Command Center  
  89  13:21  Barracks Tech Lab x3  
  89  13:22  Marauder  
  89  13:23  SCV, Marine x2  
  94  13:27  Armory  
  94  13:29  SCV  
  94  13:30  SCV  
  96  13:40  Marine, SCV  
  98  13:42  Viking  
  98  13:43  Viking  
  98  13:44  Marauder  
  104  13:50  Viking x2, Engineering Bay  
  104  13:52  Marine  
  109  13:57  Refinery x2  
  109  13:58  Barracks Tech Lab  
  109  14:01  Marauder  
  111  14:03  SCV x2  
  111  14:04  Marine  
  111  14:06  SCV  
  115  14:17  Marine, SCV  
  115  14:18  Marauder x2, SCV  
  115  14:20  Missile Turret  
  122  14:24  Viking  
  122  14:28  Viking  
  122  14:30  Supply Depot  
  126  14:42  Viking  
  126  14:43  Viking  
  126  14:45  Terran Infantry Weapons Level 2  
  130  14:48  Marine  
  130  14:49  Marauder  
  130  14:51  Marine  
  130  14:52  Marauder  
  136  14:54  Marine  
  136  14:55  Marauder  
  136  14:57  Marine  
  140  15:06  Marine  
  137  15:09  Marine  
  137  15:11  SCV, Marauder  
  137  15:12  Marauder, SCV  
  137  15:13  Marauder  
  141  15:15  Marine  
  141  15:16  Marauder  
  144  15:24  Marine  
  145  15:29  Marine  
  145  15:32  Marauder  
  148  15:47  Marauder x3, SCV x2  
  156  15:59  Supply Depot  
  156  16:02  SCV, Marine  
  156  16:03  Marauder x2  
  162  16:06  Marine  
  163  16:19  Marauder  
  163  16:20  Marine  
  163  16:21  Marauder x2  
  163  16:24  Marauder  
  116  16:43  Marauder x2, Marine  
  116  16:44  Marauder x2  
  116  16:46  Marauder  
  115  16:51  Marine  
  101  16:59  Viking  
  101  17:00  Marine  
  98  17:05  Marauder x4  
  98  17:06  Marine  
  107  17:09  Marine  
  106  17:18  Marine  
  101  17:24  Marine  
  101  17:25  Medivac x2  
  101  17:26  Marauder x3, Marine  
  112  17:35  Marine  
  106  17:40  Marine  
  106  17:43  Marauder  
  107  17:44  Marauder  
  107  17:47  Marine  
  107  17:48  Marauder x2  
  112  17:52  Armory, Marine  
  112  17:57  Marine  
  114  18:04  Marauder  
  114  18:05  Marine  
  117  18:06  Marauder  
  117  18:09  Marauder  
  117  18:10  Marine  
  117  18:11  Marauder  
  124  18:15  Marine  
  125  18:21  Sensor Tower  
  125  18:23  Planetary Fortress, Marauder  
  125  18:25  Marine  
  128  18:27  Marine  
  128  18:32  Marine  
  128  18:33  Marauder x2  
  133  18:46  Sensor Tower  
  133  18:51  Marauder, Marine  
  133  18:52  Marauder  
  133  18:55  Viking x4  
  142  18:58  SCV  
  142  18:59  SCV  
  142  19:02  SCV  
  149  19:05  Terran Infantry Weapons Level 3  
  149  19:06  Terran Ship Weapons Level 1  
  149  19:10  Marine  
  149  19:11  Marauder x2  
  154  19:19  Marine  
  154  19:20  Marauder x3  
  154  19:21  SCV x3  
  164  19:30  Liberator x2  
  170  19:39  Supply Depot  
  170  19:42  Supply Depot  
  170  19:51  Marine  
  170  19:52  Marauder  
  172  20:01  Marauder  
  172  20:04  Refinery  
  172  20:05  Refinery  
  177  20:08  Marine  
  178  20:16  Starport Tech Lab  
  178  20:18  Starport Tech Lab  
  178  20:20  Fusion Core  
  178  20:40  Marauder x2  
  179  20:43  Liberator  
  179  20:45  Marine  
  179  20:46  Marauder x2  
  179  20:48  Starport Tech Lab  
  179  20:49  Marine  
  190  20:50  Marauder  
  176  21:02  Marauder  
  135  21:13  Marine  
  135  21:14  Marine, Marauder x4  
  125  21:22  Marine  
  122  21:31  Marine  
  122  21:32  Marine  
  124  21:35  Marauder  
  132  21:42  Battlecruiser x2  
  138  21:51  Weapon Refit  
  123  22:12  Marine  
  123  22:13  Marauder x4  
  103  22:16  Marine  
  103  22:17  Marauder  
  106  22:30  Marine  
  95  23:01  Battlecruiser  
  101  23:25  Battlecruiser  
  107  23:33  Marine  
  110  23:34  Marauder x2  
  79  23:50  Marine  
  79  23:51  Marauder x2  
  81  23:57  Marine  
  81  23:58  Marauder  
  72  24:03  Marine  
  72  24:04  Marauder  
  72  24:06  Battlecruiser  
  80  24:13  Marauder  
  75  24:19  Marauder  
  74  24:38  Marine  
  74  24:39  Marauder  
Show
View Real Time Build Order
Export as new Build Order

bug Protoss - Winner!

Build Orders: 1 Gate Expand, Blink Stalkers 

Get SALT Encoding   

  12  0:00  Probe  
  13  0:12  Probe  
  14  0:17  Pylon  
  14  0:24  Probe (Chrono Boost)  
  15  0:36  Probe (Chrono Boost)  
  15  0:37  Gateway  
  15  0:42  Assimilator  
  16  0:44  Probe (Chrono Boost)  
  17  0:53  Probe  
  18  1:05  Probe  
  19  1:17  Probe  
  20  1:24  Nexus  
  20  1:33  Cybernetics Core  
  20  1:35  Probe  
  21  1:42  Assimilator  
  21  1:47  Probe  
  22  1:59  Probe  
  23  2:04  Pylon  
  23  2:12  Warp Gate  
  23  2:16  Twilight Council  
  23  2:20  Stalker (Chrono Boost)  
  23  2:22  Probe  
  24  2:47  Probe (Chrono Boost)  
  24  2:51  Stalker (Chrono Boost)  
  28  3:00  Probe (Chrono Boost)  
  28  3:03  Probe (Chrono Boost)  
  28  3:05  Blink (Chrono Boost)  
  29  3:07  Probe (Chrono Boost)  
  29  3:11  Gateway  
  30  3:18  Stalker (Chrono Boost)  
  29  3:42  Shield Battery  
  23  4:05  Probe (Chrono Boost)  
  23  4:09  Probe (Chrono Boost)  
  24  4:15  Stalker  
  27  4:18  Probe (Chrono Boost)  
  27  4:20  Probe (Chrono Boost)  
  28  4:26  Probe (Chrono Boost)  
  28  4:27  Stalker  
  31  4:35  Probe (Chrono Boost)  
  31  4:38  Probe (Chrono Boost)  
  33  4:44  Probe (Chrono Boost)  
  35  4:46  Stalker  
  35  4:48  Probe (Chrono Boost)  
  35  4:51  Probe  
  38  4:59  Gateway  
  38  5:04  Stalker  
  40  5:10  Probe  
  41  5:15  Pylon  
  41  5:16  Stalker  
  41  5:18  Probe  
  44  5:29  Robotics Facility  
  37  5:44  Zealot x2  
  39  5:56  Probe (Chrono Boost)  
  39  6:02  Probe (Chrono Boost)  
  39  6:04  Sentry, Stalker  
  41  6:10  Probe (Chrono Boost)  
  44  6:19  Probe  
  44  6:20  Probe  
  46  6:31  Probe  
  45  6:32  Probe  
  38  6:58  Stalker x3  
  38  6:59  Probe (Chrono Boost)  
  38  7:00  Probe (Chrono Boost)  
  48  7:09  Probe x2 (Chrono Boost)  
  48  7:17  Probe  
  48  7:18  Probe  
  50  7:29  Nexus  
  46  7:47  Probe  
  46  7:48  Probe  
  46  7:50  Pylon  
  48  7:54  Robotics Facility  
  48  7:56  Gateway  
  48  7:59  Probe, Forge  
  48  8:02  Gateway  
  48  8:03  Probe  
  48  8:04  Charge (Chrono Boost)  
  50  8:12  Probe  
  51  8:15  Probe  
  52  8:21  Protoss Ground Weapons Level 1  
  52  8:24  Gateway, Probe  
  52  8:25  Pylon  
  53  8:30  Probe  
  53  8:33  Assimilator  
  54  8:39  Probe  
  55  8:41  Assimilator  
  51  8:59  Sentry x2  
  51  9:00  Stalker x2  
  59  9:02  Robotics Bay  
  59  9:08  Stalker  
  61  9:20  Stalker  
  61  9:21  Shield Battery  
  63  9:26  Probe x2  
  63  9:29  Observer (Chrono Boost)  
  66  9:32  Zealot x3, Pylon  
  66  9:33  Stalker x2  
  66  9:34  Probe  
  77  9:40  Probe x2  
  79  9:49  Colossus (Chrono Boost)  
  79  9:52  Pylon  
  79  9:54  Adept  
  81  10:03  Stalker x3  
  93  10:11  Extended Thermal Lance (Chrono Boost)  
  93  10:18  Pylon  
  93  10:20  Pylon  
  83  10:49  Probe x3 (Chrono Boost)  
  84  10:55  Protoss Ground Weapons Level 2  
  90  10:59  Probe x3 (Chrono Boost)  
  90  11:03  Warp Prism (Chrono Boost), Probe (Chrono Boost)  
  93  11:07  Gateway  
  93  11:10  Gateway  
  90  11:20  Nexus, Pylon  
  66  11:59  Zealot x2  
  66  12:00  Zealot, Stalker x2  
  66  12:01  Colossus (Chrono Boost), Stalker  
  76  12:09  Photon Cannon  
  76  12:10  Shield Battery  
  76  12:11  Photon Cannon  
  76  12:20  Zealot x2  
  76  12:21  Stalker  
  76  12:38  Colossus (Chrono Boost)  
  76  12:40  Zealot x3  
  76  12:41  Stalker  
  74  12:51  Stalker x2  
  74  12:54  Photon Cannon  
  74  12:57  Shield Battery  
  74  12:58  Stalker x2  
  80  13:02  Stalker x3  
  87  13:23  Zealot x5, Colossus (Chrono Boost)  
  87  13:25  Assimilator  
  103  13:27  Assimilator  
  103  13:39  Assimilator x2  
  103  13:52  Zealot, Stalker x2  
  103  13:53  Zealot x5  
  103  13:54  Probe  
  120  13:58  Probe x3  
  123  14:06  Probe  
  123  14:07  Photon Cannon  
  123  14:09  Pylon  
  124  14:10  Probe  
  124  14:16  Probe x2  
  125  14:26  Robotics Facility  
  125  14:28  Probe x2  
  127  14:52  Templar Archives  
  127  14:57  Gateway  
  127  14:58  Gateway x2  
  127  14:59  Gateway  
  126  15:00  Zealot x4, Gateway  
  126  15:01  Gateway  
  130  15:16  Psionic Storm  
  126  15:28  Zealot  
  126  15:29  Zealot  
  126  15:30  High Templar x3  
  126  15:32  Zealot x3  
  142  15:38  Probe  
  142  15:40  Probe x3  
  136  15:50  Probe  
  136  15:52  Probe x2  
  139  15:59  Robotics Facility  
  139  16:05  High Templar  
  139  16:06  High Templar x3  
  145  16:11  Pylon  
  145  16:13  Archon x2, Pylon  
  145  16:15  Pylon  
  145  16:16  Pylon  
  145  16:22  Pylon  
  131  16:28  Zealot x2, Pylon  
  131  16:29  Zealot x4  
  131  16:30  Zealot  
  131  16:32  Zealot  
  109  16:39  Archon  
  85  16:40  Zealot x3  
  85  16:41  Stalker x2  
  85  16:53  Zealot x6, Disruptor (Chrono Boost)  
  85  16:54  Stalker x2  
  99  17:11  Zealot x2  
  99  17:12  Zealot x2  
  103  17:18  High Templar  
  103  17:19  Zealot  
  103  17:20  Zealot  
  99  17:37  Stalker x2  
  99  17:38  Zealot, Stalker  
  107  17:52  Disruptor (Chrono Boost)  
  111  18:09  Disruptor (Chrono Boost)  
  115  18:15  Nexus  
  115  18:17  Disruptor (Chrono Boost)  
  117  18:30  High Templar  
  117  18:31  High Templar  
  121  18:34  Photon Cannon  
  121  18:36  Shield Battery  
  121  18:49  Zealot  
  121  18:50  Zealot x4  
  121  18:52  Dark Shrine  
  127  19:07  Stalker x2  
  127  19:08  Zealot x3  
  137  19:10  Colossus x2  
  149  19:22  Zealot x2  
  149  19:23  Stalker x4  
  159  19:41  Stalker x2  
  159  19:58  Probe x2  
  159  19:59  Probe x2  
  153  20:00  Colossus x2 (Chrono Boost)  
  153  20:02  High Templar  
  153  20:03  Shadow Stride (Chrono Boost), Pylon  
  153  20:05  High Templar  
  169  20:14  Protoss Ground Weapons Level 3 (Chrono Boost)  
  169  20:16  Gravitic Boosters (Chrono Boost)  
  169  20:25  Gateway  
  169  20:27  Gateway  
  169  20:29  Photon Cannon  
  169  20:30  Gateway  
  169  20:33  Gateway  
  169  20:38  Gateway  
  169  20:39  Gateway  
  169  20:42  Gateway  
  169  20:44  Zealot  
  169  20:45  Zealot x3, Stalker  
  169  20:46  Stalker x2  
  169  20:48  Observer x2  
  145  21:05  Zealot x2  
  145  21:06  Zealot x3  
  149  21:25  High Templar x2, Zealot  
  149  21:26  Zealot x2, Stalker x4  
  149  21:27  Stalker x3  
  145  22:16  Zealot  
  145  22:17  Zealot x3, Stalker x2  
  145  22:18  Stalker x3  
  145  22:19  Stalker  
  145  22:22  Colossus x2  
  163  22:25  Gateway  
  175  22:36  Gateway, Probe  
  175  22:37  Probe x2  
  178  22:50  Nexus  
  178  22:51  Pylon  
  156  23:08  Robotics Facility  
  156  23:12  Robotics Facility  
  156  23:16  Disruptor, Warp Prism, Stalker x4  
  156  23:17  Stalker x4  
  178  23:23  Photon Cannon  
  168  23:48  Stalker x4  
  166  23:49  Stalker x3  
  166  23:51  Disruptor  
  180  24:10  Stalker x6  
  180  24:11  Stalker x2  
  196  24:22  Pylon  
  194  24:24  Pylon  
  191  24:45  Cybernetics Core  
  185  25:02  Gateway  
  185  25:05  Gateway  
  185  25:06  Gateway  
  185  25:07  Gateway  
  185  25:08  Gateway  
  185  25:09  Gateway  
  185  25:11  Cybernetics Core  
  185  25:12  Gateway  
  173  25:15  Gateway  
  173  25:19  Pylon  
  173  25:20  Pylon  
  169  25:21  Pylon  
  169  25:22  Cybernetics Core  
  167  25:34  Assimilator  
  167  25:36  Assimilator  
  167  25:37  Pylon  
  167  25:39  Pylon  
  167  25:42  Pylon  
  163  25:45  Pylon  
  163  25:47  Pylon  
  163  25:50  Pylon  
  163  25:56  Stargate  
  163  25:57  Assimilator  
  163  25:58  Assimilator  
Tags
 
Add a new tag
Caveats
  • Supply blocks, unpowered buildings, or Contaminate may cause inaccurate times.
  • Supply counts are checked every 10 seconds.